AoeStats
← 17 The King

Socotra

504301838Analyzed
2v2 RM · 27d ago on Sep 4, 2026· 27m 27s· 4 players
Game mode
Random Map
Map size
Tiny (2 player)
Population
200
Speed
Normal
Resources
Standard
Victory
Conquest
Starting age
Dark Age
Ending age
Imperial Age
RankedLock teamsTeams togetherTeam positionsShared explorationLock speedFull tech treeHidden civsTurbo modeCheats
Victory
Defeat
🇦🇪 Mongols · United Arab Emirates
1159
+13
1052
+18
🇳🇱 Turks · Netherlands
1166
-19
🇳🇱 Maya · Netherlands
1018
-12
17 The King
6:54 Loom
9:11 Feudal Age
9:39 Double-Bit Axe
11:58 Horse Collar
13:34 Town Watch
20:14 Castle Age
Rini
8:56 Loom
13:24 Feudal Age
14:52 Double-Bit Axe
19:12 Gold Mining
19:43 Stone Mining
23:37 Castle Age
21:48 Horse Collar
23:02 Scale Mail Armor
Torfhildur Þorsteinsdóttir
6:51 Loom
12:55 Feudal Age
13:02 Man-at-Arms
13:51 Gold Mining
13:48 Double-Bit Axe
14:43 Horse Collar
19:36 Castle Age
18:07 Stone Mining
18:44 Fletching
19:04 Padded Archer Armor
20:19 Scale Mail Armor
21:31 Wheelbarrow
23:55 Crossbowman
25:54 Forging
25:41 Bodkin Arrow
27:27 Town Watch
27:54 Bow Saw
28:21 Gold Shaft Mining
Tinchi88
8:22 Feudal Age
6:58 Loom
9:58 Double-Bit Axe
14:59 Wheelbarrow
16:27 Fletching
16:56 Town Watch
19:42 Castle Age
18:38 Gold Mining
19:34 Padded Archer Armor
19:47 Bloodlines
19:50 Horse Collar
21:03 Bodkin Arrow
23:06 Husbandry
26:17 Thumb Ring
Connection lost

Rejoining the realm…

Still unreachable

The connection could not be restored.

Session expired

The server has moved on; the page needs a fresh start.